Semilg, neutral female human Valkyrie ---------- ---- |<........# |.. |........|# |..------ ------ --.-------# |..|....| |....| ## # |..|....| |... # # |..---|-| |)- ### # |.......| |@| # |..----.| -+---u| ## |..|..-.-|--..{..-+-- ---.------- |..|..|...........%.- |.........| ###|..|----|--.----|--..... |..........#########...| |...|.+ |..|-+---- |.........| |[%| |(((|.| |*=| |.........| |..| |(((|.- |n[| |.........| |..- -----. ---- |.........| |... . ----------- ----- --- Semilg the Skirmisher Experience level: 5 Strength: 18/01 Dexterity: 13 Constitution: 13 Intelligence: 9 Wisdom: 10 Charisma: 11 Health: 0(43) Energy: 14(14) Def: 6 Gold: 51 Moves: 1738 Dungeon seed: IQ-NRtAA_I1hq7z6 Game ID: Semilg_1553430682 Your Inventory: Coins $ - 51 gold pieces Weapons b - an uncursed +0 dagger (in quiver) u - an uncursed +0 bow Armor n - an uncursed +0 leather armor (being worn) q - an uncursed +0 orcish helm (being worn) r - an uncursed +0 pair of iron shoes (being worn) y - an uncursed +0 pair of leather gloves (being worn) Scrolls h - an uncursed scroll of stinking cloud i - an uncursed scroll of enchant armor l - an uncursed scroll of identify p - an uncursed scroll of create monster Spellbooks j - an uncursed spellbook of knock Wands c - an uncursed wand of cold (0:6) k - an uncursed wand of speed monster (0:5) Tools f - an uncursed oil lamp (0:1440) m - an uncursed skeleton key o - an uncursed credit card s - a blessed tallow candle (0:200) Spells and supernatural/magical abilities: Name Level Category Fail Memory W - pray for help -- divine ? -- Your skills at the end: Miscellaneous Skills shield [Basic] wands [Basic] Weapon Skills dagger [Basic] spear [Basic] Spellcasting Skills Final Attributes: You were devoutly aligned. You were cold resistant. You were very stealthy. You could fly. You are dead. Vanquished creatures: 4 gnome lords a kobold mummy an elf zombie a kitten 4 dwarves 2 hill orcs 2 monkeys 2 coyotes a hobbit 2 giant rats 15 gnomes a jackal 2 kobolds 3 newts 4 goblins a sewer rat a grid bug 47 creatures vanquished. Voluntary challenges: You followed a strict vegan diet. You did not cause conflict. You were not invisible. You did not have reflection. You were not displaced. You used a wielded weapon 51 times, starting on turn 52. You did not use tools. You did not use plumbed fixtures. You did not drink any magical draughts. You were illiterate. You never genocided any monsters. You never polymorphed an object. You never changed form. You used no wishes. You never split a pudding. You never wrote Elbereth's name. You never violated your personal moral code. Dungeon overview: The Dungeons of Doom: levels 1 to 3 Level 1 a long staircase Level 2 a scroll shop, some fountains stairs to The Gnomish Mines Level 3 The Gnomish Mines: levels 3 to 5 Level 3 stairs to The Dungeons of Doom Level 4 Level 5 <- You were here some shops, a fountain History has recorded: On T:1 you entered the Dungeons of Doom to retrieve the Amulet of Yendor! On T:121 you reached level 2 of The Dungeons of Doom. On T:729 you reached level 1 of The Gnomish Mines. On T:731 you advanced to experience level 2. On T:810 you reached level 3 of The Dungeons of Doom. On T:1080 you advanced to experience level 3. On T:1108 you reached level 2 of The Gnomish Mines. On T:1115 you advanced to experience level 4. On T:1150 you advanced to experience level 5. On T:1522 you reached level 3 of The Gnomish Mines. On T:1564 you prayed to Odin. Score breakdown: Gold: 51 ( 5 points) Experience: 5 levels ( 400 points) Exploration: 5 levels ( 120 points) Discoveries: 11 items ( 550 points) Variety of kills: 17 monsters ( 850 points) Major goal: (nothing yet) ( 0 points) Survival: died (score multiplied by 3) Total score: 5775 Latest messages: k - a long wand. There is an open door here. You see here 2 arrows. The wood nymph pretends to be friendly. The wood nymph charms you. You gladly hand over your shield. She stole an uncursed +2 small shield. There is an open door here. You see here 2 arrows. The pony kicks! The pony bites! You begin bashing monsters with your gloved hands. You punch the pony! The pony kicks! The pony bites! You miss the pony. The pony kicks! The pony bites! The pony kicks! The pony misses. You punch the pony. The pony kicks! You die... Final status: Farvel Semilg the Valkyrie, killed by a pony... You died in The Gnomish Mines on dungeon level 5 with 5775 points, and 51 pieces of gold, after 1738 moves. You were level 5 with a maximum of 43 hit points when you died.